 Dungeon Crawl Stone Soup version 0.19.1 (webtiles) character file.

39 Peloso the Skirmisher (level 3, -3/31 HPs)
             Began as a Ghoul Fighter on Dec 8, 2016.
             Slain by a hobgoblin
             ... wielding a +0 club
             ... led by Robin
              (8 damage)
             ... on level 2 of the Dungeon.
             The game lasted 00:01:18 (832 turns).

Peloso the Skirmisher (Ghoul Fighter)                Turns: 832, Time: 00:01:19

Health: -3/31      AC:  6    Str: 19    XL:     3   Next: 47%
Magic:  2/2        EV:  7    Int:  3    God:
Gold:   46         SH:  8    Dex:  9    Spells: 0 memorised, 2 levels left

rFire  . . .     SeeInvis .     a - +0 long sword
rCold  + . .     Gourm    .     b - +0 scale mail
rNeg   + + +     Faith    .     c - +0 shield
rPois  ∞         Spirit   .     (no helmet)
rElec  .         Reflect  .     (no cloak)
rCorr  .         Harm     .     (no gloves)
MR     .....                    (no boots)
Stlth  ..........               (no amulet)
                                (no ring)
                                (no ring)

@: rotting
A: rotting body, claws 1, carnivore 3, cold resistance 1, negative energy
resistance 3, slow regeneration 1, torment resistance, unbreathing
a: no special abilities


You were on level 2 of the Dungeon.
You were not hungry.

You visited 1 branch of the dungeon, and saw 2 of its levels.

You collected 46 gold pieces.

Inventory:

Hand Weapons
 a - a +0 long sword (weapon)
Armour
 b - a +0 scale mail (worn)
 c - a +0 shield (worn)
Jewellery
 i - an uncursed ring of protection from fire {unknown}
Scrolls
 e - 2 scrolls of immolation {unknown}
 g - 2 scrolls of remove curse {unknown}
 h - a scroll of fog {unknown}
 j - a scroll of enchant weapon {unknown}
 l - a scroll of identify {unknown}
Potions
 d - a potion of might
Comestibles
 f - a meat ration


   Skills:
 + Level 3.5 Fighting
 + Level 2.2 Long Blades
 + Level 3.1 Armour
 + Level 0.1 Dodging
 + Level 3.0 Shields


You had 2 spell levels left.
You didn't know any spells.

Dungeon Overview and Level Annotations

Branches:
Dungeon (2/15)

Altars:


Innate Abilities, Weirdness & Mutations

Your body is rotting away.
You thrive on raw meat.
You are immune to poison.
You have sharp fingernails.
You are carnivorous and can eat meat at any time.
Your flesh is cold resistant. (rC+)
You are immune to negative energy. (rN+++)
You regenerate slowly when monsters are visible.
You are immune to unholy pain and torment.
You can survive without breathing.


Message History

You hit the hobgoblin.
You kill the hobgoblin!
You block the goblin's attack. You block the hobgoblin's attack.
The goblin unwields an uncursed club.
The goblin wields an uncursed hunting sling.
The goblin shoots a stone.
The stone hits you.
* * * LOW HITPOINT WARNING * * *
Items here: ( )) [[ a stone; a club; an animal skin; a helmet; a club You hit the hobgoblin.
The hobgoblin is severely wounded.
The goblin no longer looks unusually strong.
You block the hobgoblin's attack.
You hit the hobgoblin.
The hobgoblin is almost dead.
You block the hobgoblin's attack.
You barely miss the hobgoblin.
The hobgoblin is almost dead.
The hobgoblin hits you with a club!
You die...

#.###.####.#
...##.####.#
.<......##.#####
...##.#.##.#...#
#.###.#........#
#)# #......#...#
#.# #########.##
#'## #####.#####
...##
#.(..ggg@.#
....##
#.###.g##.#
.....## ##.# .#
......# #.# .#
......+ ..# .#
(.....# ... .#
.....## ##.# ##
....## ..# ...##


You could see a hobgoblin and 3 goblins.

Vanquished Creatures
  Robin (D:2)
  3 leopard geckos (D:1)
  2 giant cockroaches (D:1)
  5 hobgoblins
  3 jackals (D:1)
  4 kobolds (D:1)
  3 bats
  A frilled lizard (D:1)
  A goblin (D:1)
23 creatures vanquished.

Notes
Turn   | Place    | Note
-------+----------+-------------------------------------------
     0 | D:1      | Peloso the Ghoul Fighter began the quest for the Orb.
     0 | D:1      | Reached XP level 1. HP: 19/19 MP: 0/0
    42 | D:1      | Reached XP level 2. HP: 13/26 MP: 1/1
   573 | D:1      | Reached XP level 3. HP: 31/31 MP: 2/2
   813 | D:2      | Noticed Robin
   826 | D:2      | Killed Robin
   832 | D:2      | Slain by a hobgoblin

Skill      XL: |  1  2 |
---------------+-------+-----
Long Blades    | 2 |  2.2
Armour         | 3 |  3.1
Shields        | 3 |  3.0
Fighting       | |  3.5
Dodging        | |  0.1

Action                   || total
-------------------------++-------
Melee: Long sword        ||    75
  Eat: Chunk             ||     1
Armor: Scale mail        ||    41
Dodge: Dodged            ||    29
Block: Shield            ||    60
       Rpst.: Long sword ||     9
